 Dungeon Crawl Stone Soup version 0.22-a0-322-g60b3cfd (webtiles) character file.

26 Kairos the Skirmisher (level 3, 31/31 HPs)
             Began as a Barachi Fighter on Apr 5, 2018.
             Got out of the dungeon alive.
             The game lasted 00:01:00 (805 turns).

Kairos the Skirmisher (Barachi Fighter)              Turns: 805, Time: 00:01:00

Health: 31/31      AC:  7    Str: 16 (17) XL:     3   Next: 8%
Magic:  3/3        EV:  7    Int:  4 (6)  God:
Gold:   89         SH:  8    Dex:  7 (10) Spells: 2/2 levels left

rFire    . . .     SeeInvis .   a - +0 war axe
rCold    . . .     Gourm    .   c - +0 shield
rNeg     . . .     Faith    .   b - +0 scale mail
rPois    .         Spirit   .   (no helmet)
rElec    .         Reflect  .   (no cloak)
rCorr    .         Harm     .   (no gloves)
MR       .....                  (no boots)
Stlth    ..........             (no amulet)
HPRegen  0.10/turn              (no ring)
MPRegen  0.08/turn              (no ring)

@: slow
A: +LOS, swims, clumsy 1, dopey 1, slowness 1, strong legs 1
a: Hop


You escaped.
You were not hungry.

You visited 1 branch of the dungeon, and saw 1 of its levels.

You collected 89 gold pieces.

Inventory:

Hand Weapons
 a - a +0 war axe (weapon)
Armour
 b - a +0 scale mail (worn)
 c - a +0 shield (worn)
Scrolls
 e - a scroll of teleportation
 i - a scroll of fear
 j - a scroll of remove curse
Potions
 d - a potion of might
Comestibles
 f - 2 rations


   Skills:
 + Level 4.3 Fighting
 + Level 2.3 Axes
 + Level 4.0 Armour
 + Level 0.1 Dodging
 + Level 3.5 Shields


You had 2 spell levels left.
You didn't know any spells.

Dungeon Overview and Level Annotations

Branches:
Dungeon (1/15)

Altars:


Innate Abilities, Weirdness & Mutations

Shadows flee at your approach. (+LOS)
You can swim through water.
You cover ground slowly.
You can hop short distances.
You are clumsy. (Dex -2)
You are dopey. (Int -2)


Message History

It was a scroll of fear.
As you read the scroll labeled TUEXKI CYHEIFO, it crumbles to dust.
You feel blessed for a moment.
It was a scroll of remove curse.
Okay, then.
It was a potion of mutation.
You feel extremely strange.
You feel clumsy.
You feel less energetic.
You feel stupid.
You feel more energetic.
Your surroundings suddenly seem different.
It was a potion of degeneration.
There was something very wrong with that liquid.
You feel weakened.
You feel dopey.
You feel clumsy.
You see here a short sword.
You see here 3 stones.
You see here a stone.
You see here 2 stones.
You see here a stone.
Magic restored.
There is a staircase leading out of the dungeon here.
Are you sure you want to leave the Dungeon?
This will make you lose the game!
You have escaped!

...#########.## ######.# #.###...
..## #..# #......# #.# ##.. .###
####..###.####.###.####.. ...#
#.............#.......... ##.#
#......#.......###.####.. ...##
#.....###.....## #.# #.. ##..#
##....(.#......# #.####.. .##.#
#..............## #....... #.#.#
#...#...#@..#...#########. #.#)#
#..###.###.###.....# ##.
..)(####...#..>#...#..###.# ###..
.#(.(((.............).###.###....
##.#####.......#.................
...# #......###.........###....
.### #.......#......##### #....
## #..................# #.#.. #
####.#..#.#.###.###.# #.##.


There were no monsters in sight!

Vanquished Creatures
  A dart slug (D:1)
  A leopard gecko (D:1)
  2 bats (D:1)
  2 giant cockroaches (D:1)
  2 hobgoblins (D:1)
  4 kobolds (D:1)
  A ball python (D:1)
  4 frilled lizards (D:1)
  5 goblins (D:1)
22 creatures vanquished.

Notes
Turn   | Place    | Note
-------+----------+-------------------------------------------
     0 | D:1      | Kairos the Barachi Fighter began the quest for the Orb.
     0 | D:1      | Reached XP level 1. HP: 18/18 MP: 1/1
    37 | D:1      | Reached XP level 2. HP: 23/25 MP: 2/2
   466 | D:1      | Reached XP level 3. HP: 28/30 MP: 3/3
   786 | D:1      | Gained mutation: You are clumsy. (Dex -2) [potion of mutation]
   786 | D:1      | Gained mutation: Your magical capacity is low. (-10% MP) [potion of mutation]
   786 | D:1      | Gained mutation: You are dopey. (Int -2) [potion of mutation]
   786 | D:1      | Lost mutation: Your magical capacity is low. (-10% MP) [potion of mutation]
   805 | D:$      | Got out of the dungeon alive.

Vault maps used:
D:1:      minmay_arrival_five_plusses, kennysheep_decorative_pillar,
          minmay_pentomino_s4

Skill      XL: |  1  2 |
---------------+-------+-----
Fighting       | 4 |  4.3
Armour         | 4 |  4.0
Axes           | |  2.3
Dodging        | |  0.1
Shields        | |  3.5

Action                   || total
-------------------------++-------
Melee: War axe           ||    75
  Use: Scroll            ||     3
       Potion            ||     2
Armor: Scale mail        ||    45
Dodge: Dodged            ||    24
Block: Shield            ||    33

Table legend:
 A = Spawn XP
 B = Non-spawn XP
 C = Spawn XP percentage of total XP
 D = Spawn monster count
 E = Non-spawn monster count
 F = Spawn count percentage of total count
 G = Total turns spent on level
                    A         B        C        D         E        F      G
               +---------+---------+-------+---------+---------+-------+---------
         Total |       0 |      38 |   0.0 |       0 |      22 |   0.0 |   805
               +---------+---------+-------+---------+---------+-------+---------
           D:1 |       0 |      38 |   0.0 |       0 |      22 |   0.0 |   805
               +---------+---------+-------+---------+---------+-------+---------
